 Dungeon Crawl Stone Soup version 0.31-a0-740-g87205ac768 (webtiles) character file.

Game seed: 6218660450871776261

113 subawu the Ruffian (level 4, -5/32 HPs)
             Began as a Merfolk Shapeshifter on Sept 12, 2023.
             Killed from afar by an electric eel (8 damage)
             ... with a bolt of electricity
             ... on level 3 of the Dungeon.
             The game lasted 00:08:42 (1576 turns).

subawu the Ruffian (Merfolk Shapeshifter)           Turns: 1576, Time: 00:08:44

Health: -5/32      AC:  6    Str: 14    XL:     4   Next: 96%
Magic:  4/4        EV: 10    Int: 11    God:
Gold:   94         SH:  0    Dex: 13    Spells: 3/3 levels left

rFire   x . .        v - +0 trident
rCold   + . .        (no shield)
rNeg    . . .        q - +0 scale mail
rPois   .            n - melded +1 hat
rElec   .            (cloak currently unavailable)
rCorr   .            (gloves currently unavailable)
SInv    .            (boots currently unavailable)
Will    .....        (no amulet) Stlth
                     f - ring of ice
HPRegen 0.25/turn    (no ring)
MPRegen 0.09/turn

%: no passive effects
@: beast-form
A: beast (slay +2), (nimble swimmer 2), mertail
a: Begin Untransformation


You were on level 3 of the Dungeon.
You were a hulking beast.
You visited 1 branch of the dungeon, and saw 3 of its levels.

You collected 94 gold pieces.

Inventory:

Hand Weapons
 m - a +0 whip of freezing
 s - the +12 glaive of Prune {freeze, Prune}
   (You found it on level 2 of the Dungeon)

   Prune:     It halves damage taken while paralysed, petrified or unconscious.
 v - a +0 trident (weapon)
Missiles
 t - 13 stones
Armour
 a - a +0 animal skin
 g - a +0 ring mail
 n - a +1 hat (melded)
 q - a +0 scale mail (worn)
 r - a +0 leather armour
Jewellery
 f - a ring of ice (left hand)
Talismans
 c - a beast talisman (active)
 d - a flux talisman
Wands
 w - a wand of flame (19)
Scrolls
 e - a scroll of revelation {unknown}
 i - a scroll of immolation {unknown}
 j - 2 scrolls of amnesia {unknown}
 k - a scroll of acquirement {unknown}
 o - a scroll of teleportation {unknown}
 p - 3 scrolls of identify {unknown}
 u - a scroll of torment {unknown}
Potions
 b - 2 potions of lignification
 h - a potion of brilliance {unknown}
 l - 2 potions of mutation {unknown}


   Skills:
 + Level 1.2 Fighting
 + Level 1.0 Armour
 + Level 3.2 Dodging
 + Level 0.1 Stealth
 + Level 4.8 Unarmed Combat
 + Level 4.7 Shapeshifting


You had 3 spell levels left.
You didn't know any spells.
Your spell library contained the following spells:

 Spells                   Type           Power      Damage    Failure   Level
 Gell's Gravitas          Tloc           0%         N/A       99%         3
 Teleport Other           Tloc           0%         N/A       99%         3
 Dispersal                Tloc           0%         N/A       100%        6


Dungeon Overview and Level Annotations

Branches:
Dungeon (3/15)

Altars:


Innate Abilities, Weirdness & Mutations

You are a hulking beast.
Your limbs bulge with bestial killing power. (Slay +2)
((You are very nimble when in or above water. (Stealth+, EV+, Speed+++)))
Your lower body shifts to a powerful aquatic tail in water.


Message History

As you open the door, it creaks loudly!
An endoplasm comes into view.
The endoplasm quivers.
Found 3 gold pieces.
Found a trident.
Found a stone staircase leading down.
The endoplasm freezes you.
You are frozen.
You resist.
There is an open door here.
You barely miss the endoplasm. You hit the endoplasm.
The endoplasm is severely wounded.
The endoplasm freezes you.
You are frozen.
You resist.
You hit the endoplasm.
You kill the endoplasm!
Found 7 gold pieces.
You now have 87 gold pieces (gained 3).
Found a transporter.
You see here a +0 trident.
v - a +0 trident
v - a +0 trident (weapon)
Found a wand of flame (19).
You now have 94 gold pieces (gained 7).
There is a transporter here.
You enter the transporter and appear at another place.
w - a wand of flame (19)
There is a transporter landing site here.
There is a transporter landing site here.
There is a transporter landing site here.
You can't go down here!
You can't go up here!
You open the door.
The electric eel shoots out a bolt of lightning at you!
The bolt of electricity hits you! x2; The bolt of electricity hits the plant!
The plant begins to die.
The electric eel shoots out a bolt of lightning at you!
The bolt of electricity hits you!
* * * LOW HITPOINT WARNING * * *
The bolt of electricity hits you!
You die...

#..#~P~P~#.#
#..#~~P~~#.#
#..#~~~~~#.#
#..#~~⌠P~#.#
#..#~~~~~#.#
#..#S...~#.#
#..#S...S#.#
#..###h###.#
#..#P...P#.#
#..#8.©.8#.#
#..#######.#
###.....©....#
+...###...##....
#........##
..... #........#
.... #........#
....


You could see 3 electric eels.

Vanquished Creatures
  5 adders (D:2)
  A worm (D:2)
  A dart slug (D:1)
  5 bats
  4 endoplasms
  4 giant cockroaches
  7 goblins
  9 hobgoblins
  4 jackals (D:1)
  2 quokkas
  7 ball pythons
  A frilled lizard (D:2)
  4 kobolds
  3 rats (D:1)
57 creatures vanquished.

Notes
Turn   | Place    | Note
-------+----------+-------------------------------------------
     0 | D:1      | subawu the Merfolk Shapeshifter began the quest for the
                  | Orb.
     0 | D:1      | Reached XP level 1. HP: 15/15 MP: 1/1
   153 | D:1      | Reached XP level 2. HP: 21/21 MP: 2/2
   289 | D:1      | Reached XP level 3. HP: 15/26 MP: 3/3
   722 | D:2      | Reached XP level 4. HP: 29/32 MP: 4/4
  1042 | D:2      | Found the +12 glaive of Prune {freeze, Prune}
  1180 | D:2      | Reached skill level 1 in Armour
  1545 | D:3      | Found a transporter.
  1576 | D:3      | Killed from afar by an electric eel

Illustrated notes

Levels and vault maps discovered:
D:1:      dpeg_arrival_simpleton_b, layout_rooms, serial_bayou_pond_e
D:2:      layout_loops_ring, grunt_ministairs_1
D:3:      gammafunk_steamed_eel, layout_basic, uniq_crazy_yiuf_cottage,
          uniq_jessica, uniq_robin

Skill      XL: |  1  2  3  4 |
---------------+-------------+-----
Dodging        | 3 |  3.2
Unarmed Combat | 4 |  4.8
Armour         | 1 |  1.0
Fighting       | |  1.2
Stealth        | |  0.1
Shapeshifting  | |  4.7

Action                     |  1- 3 |  4- 6 || total
---------------------------+-------+-------++-------
  Melee: Unarmed           |    94 |    73 ||   167
         Punch             |     3 |       ||     3
 Armour: Ring mail         |    82 |    12 ||    94
         Animal skin       |     1 |       ||     1
         Scale mail        |       |    48 ||    48
  Dodge: Dodged            |    86 |    40 ||   126
         Form:             |       |     1 ||     1
         Beast             |       |     1 ||     1

Table legend: (Time is in decaauts)
 A = Elapsed time spent in this place.
 B = Non-inter-level travel time spent in this place.
 C = Inter-level travel time spent in this place.
 D = Time resting spent in this place.
 E = Time spent auto-exploring this place.
 F = Levels seen in this place.
 G = Mean time per level.
                   A        B        C        D        E       F      G
               +--------+--------+--------+--------+--------+-----+--------+
         Total |   1560 |   1435 |    125 |      0 |    571 |   3 |  520.0 |
       Dungeon |   1560 |   1435 |    125 |      0 |    571 |   3 |  520.0 |
               +--------+--------+--------+--------+--------+-----+--------+

Top non-repeatable levels by time:
     D:2: 835 daAuts
     D:1: 662 daAuts
     D:3: 61 daAuts
